 Dungeon Crawl Stone Soup version 0.20-a0-597-gec00970 (webtiles) character file.

4724 AlphabetPasta the Tainter (level 10, 0/70 HPs)
             Began as a Barachian Venom Mage on Feb 6, 2017.
             Was a Believer of Vehumet.
             Slain by a wight
             ... wielding a cursed +0 dagger
              (1 damage)
             ... on level 8 of the Dungeon.
             The game lasted 00:59:15 (9821 turns).

AlphabetPasta the Tainter (Barachian Venom Mage)    Turns: 9821, Time: 00:59:15

Health: 0/70       AC:  6    Str:  7    XL:     10   Next: 45%
Magic:  19/19      EV: 12    Int: 16    God:    Vehumet [**....]
Gold:   326        SH:  0    Dex: 12    Spells: 11/22 levels left

rFire    . . .     SeeInvis .   b - +0 dire flail (holy)
rCold    . . .     Gourm    .   l - +0 robe
rNeg     . . .     Faith    .   (shield currently unavailable)
rPois    .         Spirit   .   (no helmet)
rElec    .         Reflect  .   A - +0 cloak
rCorr    .         Harm     .   v - +1 pair of gloves
MR       +....                  i - +0 pair of boots
Stlth    +.........             e - amulet of magic regeneration
Regen    0.3/turn               (no ring)
                                s - ring of protection from magic

@: about to teleport, very slightly contaminated, hasted, heavily drained, very
quick
A: swims, slowness 1, strong legs 1
a: Hop, Renounce Religion


You were on level 8 of the Dungeon.
You worshipped Vehumet.
Vehumet was pleased with you.
You were hungry.

You visited 2 branches of the dungeon, and saw 9 of its levels.

You collected 326 gold pieces.

Inventory:

Hand Weapons
 a - a +0 long sword
 b - a +0 dire flail of holy wrath (weapon)
Armour
 i - a +0 pair of boots (worn)
 j - a +0 shield
 l - a +0 robe (worn)
 v - a +1 pair of gloves (worn)
 z - the +3 ring mail of Democracy {Str+4 Int+3 Dex+3, unknown}
   (You found it on level 8 of the Dungeon)

   It affects your strength (+4).
   It affects your intelligence (+3).
   It affects your dexterity (+3).
 A - a +0 cloak (worn)
Jewellery
 e - an amulet of magic regeneration (around neck)
 s - a ring of protection from magic (left hand)
 u - an uncursed amulet of regeneration {unknown}
Wands
 m - a wand of polymorph (0/24)
Scrolls
 d - a scroll of fear
 n - a scroll of fog
 o - 3 scrolls of teleportation
 q - 6 scrolls of remove curse
 r - 2 scrolls of magic mapping
 t - a scroll of recharging
 y - a scroll of enchant armour
Potions
 f - a potion of haste
 k - 4 potions of flight
 w - 2 potions of cancellation
 B - 2 potions of lignification
Books
 g - a Young Poisoner's Handbook

   Spells                             Type                      Level
   a - Sting                          Conjuration/Poison           1
   b - Poisonous Vapours              Poison/Air                   2
   c - Mephitic Cloud                 Conjuration/Poison/Air       3
   d - Olgreb's Toxic Radiance        Poison                       4
   e - Venom Bolt                     Conjuration/Poison           5
Comestibles
 c - 6 bread rations
 p - 6 meat rations
 x - a royal jelly


   Skills:
 - Level 3.0(0.8) Fighting
 - Level 3.1(0.9) Long Blades
 + Level 3.7(1.4) Dodging
 - Level 2.0(0.0) Stealth
 - Level 2.0(0.0) Shields
 + Level 6.5(4.1) Spellcasting
 + Level 6.2(3.8) Conjurations
 - Level 2.6(0.4) Air Magic
 * Level 10.3(7.6) Poison Magic


You had 11 spell levels left.
You knew the following spells:

 Your Spells              Type           Power        Failure   Level  Hunger
a - Sting                 Conj/Pois      ###.         1%          1    None
b - Poisonous Vapours     Pois/Air       ###...       6%          2    ##.....
c - Mephitic Cloud        Conj/Pois/Air  ###.....     12%         3    ###....
d - Olgreb's Toxic Radia  Pois           ####....     10%         4    ####...
e - Shock                 Conj/Air       ##..         10%         1    None


Dungeon Overview and Level Annotations

Branches:
Dungeon (8/15)             Temple (1/1) D:4
   Lair: D:8-11

Altars:
Ashenzari
Cheibriados
Dithmenos
Elyvilon
Fedhas
Gozag
Hepliaklqana
Kikubaaqudgha
Makhleb
Nemelex Xobeh
Okawaru
Qazlal
Ru
Sif Muna
Trog
Uskayaw
Vehumet
Xom
Yredelemnul
Zin
The Shining One

Annotations:
D:4 Kramin's ghost, amateur BaIE


Innate Abilities, Weirdness & Mutations

You can swim through water.
You cover ground slowly.
You can hop short distances.


Message History

You closely miss the wight.
The wight is severely damaged.
The wight hits you with a dagger.
* * * LOW HITPOINT WARNING * * *
You completely miss the wight.
The wight is severely damaged.
The wight misses you. The wight closely misses you.
You barely miss the wight.
The wight is heavily damaged.
The wight misses you. The wight barely misses you.
As you read the scroll of teleportation, it crumbles to dust.
You feel strangely unstable.
The wight hits you from afar with an enchanted trident!
* * * LOW HITPOINT WARNING * * *
You feel drained.
* * * LOW HITPOINT WARNING * * *
The wight hits you with a dagger.
* * * LOW HITPOINT WARNING * * *
You feel drained.
You die...

##.# #.# #.# #.#
#.# ...#
#.####.###)## #.#
####
#.........))#####.#
######...)......#.#
#####..###.#.#
#..###.#.#
#zz.z.z..#
#z####.### #@# #.#
#.....# #.# #.#####
#.# #.######
#......# #..###.#
#..###.###### #
#............ #
##.###.#####.


You could see 3 wights.

Vanquished Creatures
  2 two-headed ogres (D:8)
  Pikel (D:5)
  Joseph (D:8)
  A hippogriff (D:6)
  A shadow (D:8)
  Eustachio (D:4)
  Menkaure (D:6)
  Edmund (D:6)
  An orc warrior (D:8)
  An ice beast (D:8)
  2 sky beasts (D:6)
  A necrophage (D:6)
  2 ogres
  2 centaurs
  3 bullfrogs
  2 water moccasin zombies
  A scorpion (D:4)
  A crimson imp (D:8)
  2 jellies
  4 orc priests
  2 hounds
  An orc wizard (D:8)
  Jessica (D:3)
  2 iguanas (D:4)
  4 worker ants
  A hound skeleton (D:6)
  A worker ant zombie (D:5)
  14 adders
  4 gnolls
  A howler monkey skeleton (D:8)
  2 shadow imps
  An ooze (D:3)
  2 adder zombies
  3 worms
  3 dart slugs
  3 leopard geckos
  14 orcs
  A ball python (D:4)
  4 bats (D:3)
  5 giant cockroaches
  9 goblins
  4 hobgoblins
  13 jackals
  9 kobolds
  2 quokkas
  5 frilled lizards
  A leopard gecko skeleton (D:7)
  A quokka zombie (D:7)
  3 rats (D:2)
147 creatures vanquished.

Vanquished Creatures (others)
  An ogre (D:5)
  A crimson imp (D:5)
  An adder (D:5)
3 creatures vanquished.

Grand Total: 150 creatures vanquished

Notes
Turn   | Place    | Note
-------+----------+-------------------------------------------
     0 | D:1      | AlphabetPasta the Barachian Venom Mage began the quest for the Orb.
     0 | D:1      | Reached XP level 1. HP: 13/13 MP: 3/3
   115 | D:1      | Reached XP level 2. HP: 19/19 MP: 3/5
   119 | D:1      | Learned a level 2 spell: Poisonous Vapours
   762 | D:2      | Reached XP level 3. HP: 24/24 MP: 3/6
   767 | D:2      | Learned a level 3 spell: Mephitic Cloud
  1376 | D:2      | Reached skill level 1 in Air Magic
  1560 | D:2      | Reached skill level 4 in Poison Magic
  1662 | D:2      | Reached XP level 4. HP: 30/30 MP: 5/7
  2023 | D:3      | Noticed Jessica
  2026 | D:3      | Killed Jessica
  2026 | D:3      | Reached XP level 5. HP: 35/35 MP: 3/9
  2347 | D:3      | Learned a level 4 spell: Olgreb's Toxic Radiance
  2508 | D:4      | Noticed Kramin's ghost (amateur BaIE)
  2516 | D:4      | Reached skill level 5 in Poison Magic
  2632 | D:4      | Found a staircase to the Ecumenical Temple.
  2638 | Temple   | Entered the Ecumenical Temple
  2655 | Temple   | Became a worshipper of Vehumet
  2721 | D:4      | Reached XP level 6. HP: 41/41 MP: 8/10
  3336 | D:4      | Noticed Eustachio
  3604 | D:4      | Killed Eustachio
  3604 | D:4      | Reached XP level 7. HP: 27/46 MP: 6/12
  4139 | D:4      | Reached skill level 6 in Poison Magic
  4355 | D:5      | Entered Level 5 of the Dungeon
  5220 | D:5      | Reached skill level 1 in Long Blades
  5618 | D:5      | Noticed Pikel
  5639 | D:5      | Killed Pikel
  5639 | D:5      | Reached skill level 7 in Poison Magic
  5639 | D:5      | Reached XP level 8. HP: 52/52 MP: 0/14
  6317 | D:6      | Reached skill level 1 in Fighting
  6458 | D:6      | Upgraded the game from 0.20-a0-579-g160a424 to 0.20-a0-597-gec00970
  6495 | D:6      | Noticed Edmund
  6517 | D:6      | Noticed a hippogriff
  6520 | D:6      | Killed Edmund
  6520 | D:6      | Reached skill level 5 in Spellcasting
  6520 | D:6      | Reached skill level 8 in Poison Magic
  6531 | D:6      | Killed a hippogriff
  6531 | D:6      | Reached XP level 9. HP: 43/61 MP: 0/16
  6727 | D:6      | Noticed Menkaure
  7081 | D:6      | Reached * piety under Vehumet
  7081 | D:6      | Offered knowledge of Sandblast by Vehumet.
  7501 | D:6      | Killed Menkaure
  7926 | D:7      | Learned a level 4 spell: Olgreb's Toxic Radiance
  8014 | D:7      | Reached skill level 9 in Poison Magic
  8342 | D:8      | Reached skill level 5 in Conjurations
  8400 | D:8      | Noticed a two-headed ogre
  8477 | D:8      | Got a polished ring mail
  8493 | D:8      | Noticed Joseph
  8520 | D:8      | Killed Joseph
  8600 | D:8      | Noticed a two-headed ogre
  8616 | D:8      | Killed a two-headed ogre
  8616 | D:8      | Reached XP level 10. HP: 39/70 MP: 4/19
  8864 | D:8      | Reached ** piety under Vehumet
  8864 | D:8      | Offered knowledge of Shock by Vehumet.
  8867 | D:8      | Learned a level 1 spell: Shock
  8998 | D:8      | Reached skill level 1 in Shields
  9124 | D:8      | Killed a two-headed ogre
  9124 | D:8      | Reached skill level 10 in Poison Magic
  9821 | D:8      | HP: 1/70 [wight/dagger (5)]
  9821 | D:8      | Slain by a wight

Vault maps used:
D:1:      minmay_arrival_five_plusses
D:3:      uniq_jessica
D:4:      temple_green, uniq_eustachio
D:5:      first_bread, uniq_pikel
D:6:      uniq_edmund, uniq_menkaure
D:8:      uniq_joseph
Temple:   nicolae_temple_the_god_donut

Skill      XL: |  1  2  3  4  5  6  7  8  9 10 |
---------------+-------------------------------+-----
Air Magic      | 1 2 |  2.6
Poison Magic   | 4 5 7 8 9 10 | 10.3
Spellcasting   | 3 4 5 6 |  6.5
Conjurations   | 2 3 4 5 6 |  6.2
Long Blades    | 2 3 |  3.1
Fighting       | 2 3 |  3.0
Dodging        | 3 |  3.7
Shields        | 2 |  2.0
Stealth        | |  2.0

Action                   |  1- 3 |  4- 6 |  7- 9 | 10-12 || total
-------------------------+-------+-------+-------+-------++-------
Melee: Unarmed           |     2 |       |       |       ||     2
       Short sword       |    12 |    65 |       |       ||    77
       Falchion          |       |       |   154 |       ||   154
       Dire flail        |       |       |    32 |    18 ||    50
       Long sword        |       |       |    20 |    11 ||    31
 Cast: Sting             |    51 |    54 |    83 |    13 ||   201
       Poisonous Vapours |     9 |    21 |    73 |     7 ||   110
       Mephitic Cloud    |       |     1 |    11 |     2 ||    14
       Olgreb's Toxic Ra |       |       |     3 |     3 ||     6
       Shock             |       |       |       |    29 ||    29
 Abil: Hop               |       |     1 |     7 |       ||     8
Evoke: Wand              |       |     7 |     5 |       ||    12
  Use: Scroll            |     7 |     5 |     9 |     2 ||    23
       Potion            |       |     3 |     9 |     2 ||    14
 Stab: Invisible         |       |     2 |       |       ||     2
       Sleeping          |       |       |     1 |       ||     1
  Eat: Chunk             |     5 |     7 |    10 |     3 ||    25
       Fruit             |       |     1 |     5 |       ||     6
       Meat ration       |       |       |     1 |       ||     1
       Royal jelly       |       |       |     1 |       ||     1
Armor: Robe              |     1 |    14 |    56 |     9 ||    80
       Skin              |       |       |       |     3 ||     3
Dodge: Dodged            |    10 |    47 |   169 |    24 ||   250
       Rpst.: Falchion   |       |       |    38 |       ||    38
       Long sword        |       |       |     8 |     5 ||    13
